Map: Site Delta LE

Players

Redfox

  • Race: Zerg Zerg
  • Spawn Location: 5:00

Zeraxis - Winner!

  • Race: Protoss Protoss
  • Spawn Location: 11:00

VOD

Have the link to the VOD?

Description

Time

  • Played on: May 29, 2024, 8:41 a.m.
  • Length: 44:53
Show
View Real Time Build Order
Export as new Build Order

Redfox Zerg 

Build Orders: Hatch First 

Get SALT Encoding   

  12  0:02  Drone  
  13  0:11  Drone  
  14  0:17  Overlord  
  14  0:46  Drone  
  14  0:47  Drone  
  14  0:48  Drone  
  17  0:59  Hatchery  
  16  1:19  Drone x2  
  16  1:20  Drone, Spawning Pool  
  18  1:30  Extractor  
  17  1:45  Drone x2  
  19  2:09  Queen  
  19  2:12  Overlord  
  19  2:14  Zergling x2  
  22  2:19  Drone  
  23  2:33  Drone  
  24  2:47  Drone, Queen  
  27  3:12  Queen  
  27  3:17  Overlord  
  29  3:36  Drone x3, Hatchery  
  31  3:54  Drone x3  
  34  3:56  Drone  
  34  3:57  Hatchery  
  34  4:15  Roach Warren, Lair  
  33  4:32  Metabolic Boost  
  33  4:48  Queen  
  33  4:50  Queen  
  37  5:02  Zergling x2  
  37  5:03  Zergling x22  
  49  5:08  Drone, Overlord  
  49  5:09  Overlord x2  
  50  5:20  Drone  
  51  5:22  Drone x2  
  51  5:23  Drone  
  54  5:52  Queen  
  56  6:06  Drone x3  
  56  6:09  Drone  
  56  6:10  Drone x3  
  63  6:22  Infestation Pit  
  62  6:29  Roach x3  
  70  6:33  Roach x5  
  70  6:37  Drone x2  
  70  6:38  Overlord  
  80  6:59  Pneumatized Carapace  
  80  7:08  Drone x4  
  84  7:10  Overlord  
  84  7:14  Drone x2  
  86  7:19  Extractor  
  85  7:24  Drone x2, Overlord x2  
  85  7:25  Overlord  
  87  7:38  Evolution Chamber  
  87  7:41  Evolution Chamber  
  85  8:45  Zergling x14, Overlord x2  
  85  8:46  Overlord x3  
  92  8:48  Drone x2  
  92  8:49  Drone x7  
  101  9:03  Zerg Missile Weapons Level 1  
  101  9:04  Zerg Ground Armor Level 1  
  101  9:11  Hydralisk Den  
  101  9:15  Extractor  
  99  9:17  Hatchery  
  99  9:20  Extractor, Drone x5  
  99  9:23  Queen  
  104  9:59  Overlord x4  
  104  10:06  Overseer  
  104  10:09  Overseer  
  104  10:11  Overseer  
  104  10:27  Hydralisk x4  
  104  10:28  Hydralisk x5  
  114  10:33  Hydralisk x5  
  132  11:26  Muscular Augments  
  132  11:52  Drone x3, Spire  
  132  11:53  Drone  
  135  11:54  Drone x2  
  135  11:57  Drone x2, Queen  
  77  13:09  Hydralisk x4  
  77  13:10  Hydralisk x3  
  91  13:14  Zergling x12  
  91  13:15  Zergling x2  
  96  13:20  Zergling x6  
  96  13:21  Zergling x4  
  101  13:29  Overlord  
  101  13:30  Corruptor x9  
  105  14:01  Zergling x10  
  102  14:08  Queen  
  96  14:28  Corruptor x6  
  108  14:38  Drone x4  
  110  14:39  Overlord x3  
  114  15:03  Hive  
  112  15:09  Lurker Den  
  111  15:26  Drone x4  
  111  15:27  Drone x2  
  117  15:32  Corruptor x3  
  117  15:33  Corruptor  
  125  15:40  Drone x5  
  130  15:43  Drone  
  130  15:44  Drone x6  
  137  16:15  Viper x2  
  143  16:21  Zergling x8  
  143  16:22  Zergling x4  
  143  16:24  Zergling x4  
  143  16:25  Zergling x8  
  155  16:28  Hydralisk x2  
  159  16:33  Extractor  
  159  16:39  Extractor  
  157  16:55  Burrow  
  157  17:18  Hatchery  
  156  17:38  Lurker x5  
  162  17:44  Zergling x8  
  162  17:45  Zergling x12  
  162  17:48  Zergling x10  
  176  17:52  Zergling x2  
  176  17:53  Zergling x6  
  180  18:04  Drone  
  180  18:05  Drone x2  
  183  18:06  Adrenal Glands  
  183  18:12  Extractor  
  103  19:41  Drone x3  
  106  19:47  Glial Reconstitution  
  106  19:51  Zerg Ground Armor Level 2  
  106  19:52  Zerg Missile Weapons Level 2  
  106  20:11  Extractor  
  105  20:16  Drone  
  105  20:17  Drone x2  
  105  20:19  Zergling x10  
  105  20:20  Zergling x8  
  117  20:23  Zergling x2  
  117  20:24  Zergling x10  
  123  20:35  Queen  
  123  20:40  Drone x2  
  123  20:41  Drone x3  
  130  21:11  Queen  
  132  21:20  Drone x4  
  132  21:21  Drone x4  
  134  21:37  Drone x4  
  138  21:41  Drone x3  
  141  21:50  Hatchery  
  140  22:03  Spore Crawler  
  140  22:04  Spore Crawler x3  
  140  22:05  Spore Crawler  
  140  22:06  Spore Crawler  
  134  22:08  Spore Crawler  
  133  22:17  Spore Crawler x2  
  133  22:22  Spore Crawler x2  
  129  22:25  Spore Crawler  
  129  22:27  Drone  
  129  22:28  Drone x2  
  131  22:41  Spore Crawler x2  
  131  22:42  Greater Spire, Spore Crawler x4  
  125  22:53  Overlord  
  125  22:54  Overlord x2  
  125  22:58  Zergling x12, Spire  
  125  23:02  Queen  
  129  23:13  Viper  
  129  23:14  Viper  
  129  23:17  Overlord  
  129  23:18  Corruptor x4  
  129  23:19  Corruptor x2  
  147  23:37  Ultralisk Cavern  
  146  23:42  Extractor  
  146  23:44  Zerg Ground Armor Level 3  
  146  23:45  Zerg Missile Weapons Level 3  
  145  23:51  Adaptive Talons  
  145  24:05  Spore Crawler x2  
  145  24:07  Spore Crawler  
  145  24:08  Corruptor x3  
  145  24:09  Corruptor  
  150  24:46  Brood Lord x5  
  150  24:47  Brood Lord  
  150  24:52  Ultralisk x6  
  198  24:55  Hydralisk  
  200  25:34  Overlord  
  200  25:48  Extractor  
  117  27:02  Overlord  
  117  27:03  Corruptor x4  
  117  27:04  Corruptor x3  
  117  27:07  Zergling x2  
  117  27:08  Zergling x26  
  139  27:28  Zerg Flyer Weapons Level 1  
  110  28:02  Zergling x2  
  110  28:03  Zergling x24  
  99  28:28  Zergling x2  
  99  28:29  Zergling x12  
  99  28:32  Zergling x10  
  103  28:35  Zergling x2  
  103  28:36  Zergling x12  
  110  28:44  Spore Crawler x3  
  110  28:46  Spore Crawler x2  
  110  28:47  Queen, Spore Crawler x3  
  104  28:55  Viper x4  
  98  28:57  Hydralisk x5  
  120  29:03  Hydralisk x3  
  120  29:04  Hydralisk x3  
  130  29:23  Queen  
  112  29:47  Hydralisk x2  
  112  29:48  Hydralisk x7  
  112  29:49  Hydralisk x5  
  140  30:16  Zergling x2  
  140  30:17  Zergling x6  
  140  30:19  Zergling x2  
  140  30:20  Zergling x10  
  150  30:25  Baneling Nest  
  149  30:29  Baneling Nest  
  149  30:33  Extractor  
  147  30:36  Hatchery  
  146  30:46  Hatchery  
  145  30:55  Lair  
  145  31:02  Hatchery  
  144  31:15  Zergling x4  
  144  31:16  Zergling x14  
  153  31:19  Zergling x4  
  153  31:20  Zergling x2  
  153  31:23  Zergling x2  
  153  31:24  Zergling x12  
  163  31:51  Drone x3  
  163  31:52  Drone x3  
  169  32:16  Lurker x4  
  169  32:17  Lurker x7  
  169  32:19  Queen  
  111  34:12  Corruptor x2  
  111  34:13  Corruptor x5  
  125  34:20  Zerg Melee Weapons Level 1  
  125  34:22  Seismic Spines  
  125  34:25  Zerg Flyer Weapons Level 2  
  125  34:28  Queen  
  127  34:36  Zergling x2  
  127  34:37  Zergling x20  
  138  34:41  Zergling x6  
  138  34:42  Zergling x12  
  138  34:45  Queen  
  149  35:20  Centrifugal Hooks  
  149  35:21  Queen  
  149  35:25  Drone  
  149  35:26  Drone  
  153  35:39  Zergling x2  
  153  35:40  Zergling x34  
  171  35:44  Zergling x6  
  174  35:50  Zergling x6  
  174  35:54  Zergling x6  
  174  35:55  Zergling x24  
  118  37:51  Corruptor x2  
  118  37:52  Corruptor x4  
  130  37:59  Hydralisk x4  
  130  38:00  Hydralisk x5  
  130  38:01  Zergling x2  
  130  38:02  Zergling x10  
  154  38:11  Spore Crawler  
  154  38:12  Spore Crawler x4  
  149  38:14  Spore Crawler  
  149  38:15  Spore Crawler x3  
  149  38:17  Spore Crawler  
  123  39:09  Zergling x2  
  116  39:10  Zergling x16  
  116  39:12  Zergling x2  
  116  39:13  Zergling x14  
  125  39:17  Zergling x2  
  125  39:18  Zergling x8  
  125  39:35  Zergling x2  
  125  39:36  Zergling x26  
  139  39:53  Drone x4  
  137  40:31  Overlord  
  137  40:32  Overlord x10  
  101  41:21  Zergling x18  
  101  41:22  Zergling x6  
  85  41:37  Zergling x14  
  85  41:38  Zergling x4  
  93  41:40  Zergling x18  
  102  42:02  Spawning Pool  
  102  42:03  Extractor  
  56  43:12  Overlord x3  
  44  43:13  Overlord x3  
  28  43:31  Zergling x14  
  28  43:32  Zergling x2  
  28  43:33  Overlord  
  28  43:34  Overlord x8  
  36  43:41  Zergling x16  
  44  43:52  Hatchery  
  34  44:04  Hatchery  
  28  44:14  Spore Crawler  
  28  44:15  Spore Crawler x2  
  28  44:16  Spore Crawler  
  16  44:37  Spawning Pool  
  15  44:39  Spawning Pool  
Show
View Real Time Build Order
Export as new Build Order

Zeraxis Protoss - Winner!

Build Orders:  

Get SALT Encoding   

  12  0:01  Probe (Chrono Boost)  
  13  0:18  Pylon  
  13  0:20  Probe  
  14  0:37  Gateway  
  14  0:44  Probe  
  15  0:57  Probe  
  16  0:59  Forge  
  16  1:09  Probe  
  17  1:25  Zealot, Pylon  
  19  1:43  Cybernetics Core  
  19  1:55  Photon Cannon  
  19  2:04  Nexus  
  19  2:09  Probe (Chrono Boost)  
  20  2:18  Assimilator  
  20  2:20  Probe (Chrono Boost)  
  21  2:24  Probe (Chrono Boost)  
  22  2:35  Assimilator, Probe (Chrono Boost)  
  23  2:41  Probe (Chrono Boost)  
  24  2:49  Zealot  
  24  2:50  Probe  
  27  2:56  Gateway x2  
  27  3:14  Photon Cannon  
  27  3:16  Zealot  
  29  3:21  Photon Cannon  
  29  3:35  Probe (Chrono Boost)  
  31  3:43  Stalker  
  31  3:44  Probe (Chrono Boost)  
  31  3:45  Probe (Chrono Boost)  
  34  3:52  Probe (Chrono Boost)  
  34  3:53  Probe (Chrono Boost)  
  36  3:57  Probe (Chrono Boost)  
  36  3:58  Zealot  
  36  3:59  Zealot  
  41  4:03  Warp Gate  
  41  4:11  Pylon  
  42  4:18  Probe (Chrono Boost)  
  42  4:19  Probe (Chrono Boost)  
  43  4:29  Probe (Chrono Boost)  
  45  4:31  Probe (Chrono Boost)  
  45  4:33  Stalker x2  
  45  4:37  Probe (Chrono Boost)  
  50  4:39  Probe (Chrono Boost)  
  52  4:47  Probe (Chrono Boost)  
  52  4:48  Probe (Chrono Boost)  
  52  4:52  Assimilator  
  53  4:55  Assimilator  
  53  4:59  Stargate  
  53  5:02  Stargate, Probe  
  54  5:16  Pylon  
  54  5:19  Pylon  
  54  5:27  Pylon  
  54  5:30  Pylon  
  54  5:33  Pylon  
  54  5:36  Pylon  
  54  5:44  Fleet Beacon  
  54  6:05  Stalker  
  54  6:06  Stalker  
  54  6:07  Stalker  
  60  6:15  Probe (Chrono Boost)  
  62  6:26  Probe (Chrono Boost)  
  62  6:30  Probe (Chrono Boost)  
  62  6:31  Photon Cannon  
  63  6:34  Photon Cannon  
  63  6:37  Photon Cannon  
  63  6:40  Tempest x2 (Chrono Boost)  
  63  6:41  Photon Cannon  
  73  6:56  Probe (Chrono Boost)  
  74  7:08  Probe (Chrono Boost)  
  76  7:09  Probe (Chrono Boost)  
  76  7:12  Probe (Chrono Boost)  
  77  7:15  Tempest  
  77  7:17  Tempest, Probe  
  88  7:29  Probe  
  89  7:39  Cybernetics Core  
  89  7:41  Protoss Air Weapons Level 1  
  89  7:44  Protoss Shields Level 1  
  89  8:00  Tempest  
  94  8:06  Tempest  
  99  8:32  Nexus  
  99  8:36  Shield Battery  
  99  8:38  Shield Battery  
  99  8:40  Shield Battery  
  99  8:42  Shield Battery  
  99  8:44  Shield Battery  
  99  8:45  Shield Battery  
  99  8:47  Shield Battery  
  99  8:49  Shield Battery  
  99  9:13  Assimilator  
  99  9:17  Assimilator  
  99  9:22  Protoss Air Armor Level 1  
  99  9:24  Pylon  
  99  9:26  Pylon  
  99  9:29  Pylon  
  99  9:33  Pylon  
  99  9:41  Tempest x2  
  109  9:46  Pylon  
  109  9:48  Probe (Chrono Boost)  
  109  9:50  Pylon  
  110  9:53  Pylon  
  110  9:55  Pylon  
  110  9:58  Probe (Chrono Boost)  
  111  10:19  Photon Cannon  
  111  10:22  Photon Cannon  
  111  10:26  Photon Cannon  
  111  10:28  Photon Cannon  
  111  10:30  Shield Battery  
  111  10:35  Shield Battery  
  111  10:38  Shield Battery  
  111  10:40  Shield Battery  
  111  10:53  Probe (Chrono Boost)  
  112  11:03  Probe (Chrono Boost)  
  113  11:04  Tempest x2  
  123  11:19  Stargate x2  
  123  11:37  Twilight Council  
  123  11:41  Protoss Air Weapons Level 2  
  123  11:46  Protoss Air Armor Level 2  
  123  11:47  Tempest x2  
  124  12:59  Unknown  
  124  13:17  Tempest x2  
  124  13:18  Tempest x2  
  144  14:00  Tempest  
  144  14:34  Stalker x3  
  150  14:51  Pylon  
  150  14:54  Pylon  
  150  15:01  Gateway  
  150  15:06  Gateway  
  150  15:10  Gateway  
  150  15:18  Gateway  
  150  15:20  Gateway  
  150  15:23  Gateway  
  150  15:28  Pylon  
  150  15:31  Pylon  
  150  15:37  Pylon  
  150  15:41  Pylon  
  150  15:49  Nexus  
  150  16:12  Nexus  
  150  16:17  Stalker x3  
  150  16:18  Stalker x2  
  158  16:19  Stalker  
  158  16:23  Protoss Ground Weapons Level 1  
  162  16:45  Forge  
  162  16:52  Shield Battery x2  
  162  16:54  Shield Battery  
  162  16:59  Shield Battery  
  162  17:05  Photon Cannon  
  162  17:07  Photon Cannon  
  162  17:25  Stalker x2  
  162  17:26  Stalker x2  
  162  17:27  Stalker x2  
  174  17:37  Probe  
  174  17:41  Protoss Shields Level 2  
  175  17:50  Probe  
  176  18:17  Robotics Facility  
  176  18:19  Robotics Facility  
  176  18:22  Robotics Facility x2  
  176  18:34  Protoss Ground Weapons Level 2  
  175  18:53  Protoss Air Armor Level 3  
  175  18:58  Protoss Air Weapons Level 3  
  98  19:48  Assimilator  
  97  20:01  Observer x4  
  101  20:07  Tempest  
  101  20:08  Tempest x3  
  121  20:29  Assimilator  
  121  20:31  Probe (Chrono Boost)  
  121  20:34  Assimilator  
  122  20:41  Probe (Chrono Boost)  
  123  20:46  Probe (Chrono Boost)  
  124  21:05  Nexus  
  124  22:01  Protoss Ground Weapons Level 3  
  124  22:05  Protoss Shields Level 3  
  124  22:26  Tempest x2  
  124  22:27  Tempest x2  
  144  22:34  Stalker x3  
  144  22:35  Stalker x3  
  156  22:41  Stalker x2  
  156  22:42  Stalker  
  162  23:20  Assimilator  
  162  23:25  Probe (Chrono Boost)  
  165  23:35  Probe (Chrono Boost)  
  165  23:36  Probe (Chrono Boost)  
  165  23:44  Probe (Chrono Boost)  
  166  23:48  Probe (Chrono Boost)  
  166  23:52  Pylon  
  166  23:55  Pylon  
  167  23:57  Pylon  
  167  24:00  Probe (Chrono Boost)  
  167  24:01  Pylon  
  168  24:05  Pylon, Probe (Chrono Boost)  
  168  24:08  Pylon  
  169  24:16  Probe (Chrono Boost)  
  170  24:20  Probe (Chrono Boost)  
  170  24:22  Photon Cannon  
  170  24:23  Photon Cannon  
  171  24:25  Photon Cannon  
  171  24:29  Photon Cannon  
  171  24:32  Photon Cannon  
  171  24:34  Photon Cannon  
  171  24:37  Photon Cannon  
  171  24:40  Photon Cannon  
  171  24:45  Shield Battery  
  171  24:48  Shield Battery  
  171  24:51  Shield Battery  
  171  24:57  Shield Battery  
  171  24:59  Shield Battery  
  171  25:01  Shield Battery  
  171  25:03  Probe (Chrono Boost)  
  172  25:13  Probe (Chrono Boost)  
  173  25:18  Probe (Chrono Boost)  
  174  25:26  Assimilator  
  174  25:27  Immortal x2  
  174  25:28  Immortal x2  
  190  25:43  Stalker x3  
  143  26:56  Tempest x3  
  143  26:57  Tempest  
  163  30:17  Protoss Ground Armor Level 1  
  163  30:26  Immortal x3  
  163  30:27  Immortal  
  179  30:36  Stalker x4  
  179  30:37  Stalker  
  179  30:40  Stalker  
  179  30:41  Stalker x2  
  195  31:05  Immortal  
  199  31:17  Pylon  
  199  31:19  Pylon  
  199  31:21  Pylon  
  199  31:23  Pylon  
  199  32:21  Nexus  
  199  32:24  Assimilator  
  199  32:28  Assimilator  
  199  32:45  Nexus  
  192  34:47  Pylon  
  192  34:49  Pylon  
  192  34:51  Pylon  
  192  34:53  Pylon  
  192  34:56  Pylon  
  192  34:58  Pylon  
  192  35:00  Pylon  
  192  35:03  Pylon  
  192  35:05  Assimilator  
  192  35:09  Assimilator  
  192  35:10  Photon Cannon  
  192  35:12  Photon Cannon  
  192  35:14  Photon Cannon  
  192  35:16  Photon Cannon  
  192  35:18  Photon Cannon  
  192  35:20  Photon Cannon  
  192  35:22  Photon Cannon  
  192  35:24  Photon Cannon  
  192  35:27  Photon Cannon  
  192  35:29  Photon Cannon  
  192  35:30  Shield Battery  
  192  35:31  Shield Battery  
  192  35:33  Shield Battery  
  192  35:35  Shield Battery  
  192  35:37  Shield Battery  
  192  35:39  Shield Battery  
  192  35:42  Shield Battery  
  192  35:43  Shield Battery  
  192  35:45  Shield Battery  
  190  37:03  Nexus  
  190  37:08  Pylon  
  190  37:10  Pylon  
  190  37:12  Pylon  
  190  37:13  Pylon  
  190  37:15  Pylon  
  190  37:18  Pylon  
  190  37:21  Pylon  
  155  38:06  Tempest  
  155  38:07  Tempest x3  
  175  38:24  Photon Cannon  
  175  38:25  Photon Cannon  
  175  38:27  Photon Cannon  
  175  38:30  Photon Cannon  
  175  38:32  Photon Cannon  
  175  38:35  Photon Cannon  
  175  38:38  Photon Cannon  
  175  38:40  Photon Cannon  
  170  38:41  Photon Cannon  
  170  38:49  Tempest x3  
  170  38:50  Tempest  
  189  39:28  Stalker x3  
  189  39:29  Stalker x2  
  155  43:38  Nexus  
  155  43:40  Nexus  
  155  43:45  Nexus  
  155  43:49  Nexus  
Tags
 
Matchup
PvZ
Spawn Locations
Cross Positions
Add a new tag
Caveats
  • Supply blocks, unpowered buildings, or Contaminate may cause inaccurate times.
  • Supply counts are checked every 10 seconds.